Workbook

Sheet Planilha Mae
A2: Objeto: | B2: CONTRATAÇÃO DE EMPRESA DE CONSULTORIA PARA ELABORAÇÃO DE ESTUDOS AMBIENTAIS PARA AUTORIZAÇÃO AMBIENTAL PARA SUPRESSÃO VEGETAL NO AEROPORTO DE BONITO/MS
A3: Município: | B3: Bonito - MS
A4: Atividade | B4: Supressão Vegetal
A5: Trecho:
A6: Extensão:
A7: Prazo: | B7: 60 dias
A8: Data Base: | B8: 45658
A9: Referência: | B9: Tabela de consultoria DNIT SICRO

Sheet Quadro Resumo de Composição
A6: Objeto: | B6: ='Planilha Mae'!B2 -> CONTRATAÇÃO DE EMPRESA DE CONSULTORIA PARA ELABORAÇÃO DE ESTUDOS AMBIENTAIS PARA AUTORIZAÇÃO AMBIENTAL PARA SUPRESSÃO VEGETAL NO AEROPORTO DE BONITO/MS
A7: Municípios: | B7: ='Planilha Mae'!B3 -> Bonito - MS | C7: Referência: | D7: Tabela de consultoria DNIT SICRO
C8: Prazo: | D8: 60 dias
C10: Data Base: | D10: 45658
A11: QUADRO RESUMO DA COMPOSIÇÃO DOS VALORES UNITÁRIOS ORÇADOS
A13: Proposta Técnica Ambiental (PTA) para Supressão Vegetal
A14: DISCRIMINAÇÃO | C14: VALORES
C15: PARCIAL | D15: TOTAL
A16: A - EQUIPE TÉCNICA | D16: =SUM(C17:C18) -> 11898.28
A17: P8068 | B17: Engenheiro Florestal | C17: =Equipe_Tecnica!M18 -> 10137.12
A18: P8025 | B18: Auxiliar de Campo | C18: =Equipe_Tecnica!M19 -> 1761.16
A19: B - DESPESAS GERAIS | D19: =SUM(C20:C22) -> 6923.3095
B20: B.1 - VEÍCULOS | C20: =Orçamento!E19 -> 4621.8018
B21: B.2 - EQUIPAMENTOS | C21: =Orçamento!F19 -> 1402.32
B22: B.3 - INSTALAÇÕES | C22: =Orçamento!G19 -> 899.18771
A24: I - SUB-TOTAL DOS ITENS A+B | D24: =D19+D16 -> 18821.59
A26: II -BENEFÍCIOS E DESPESAS INDIRETAS - BDI Acórdão nº 1.560/2019-TCU-Plenário | D26: =C27 -> 8475.3618
B27: TAXAS: 45,03 % DO ITEM "I" | C27: =0.4503*D24 -> 8475.3618
A29: TOTAL DO ORÇAMENTO | D29: =D26+D24 -> 27296.951
A33: Inventário Florestal
A34: DISCRIMINAÇÃO | C34: VALORES
C35: PARCIAL | D35: TOTAL
A36: A - EQUIPE TÉCNICA | D36: =SUM(C37:C38) -> 17847.42
A37: P8068 | B37: Engenheiro Florestal | C37: =Equipe_Tecnica!M26 -> 15205.68
A38: P8065 | B38: Auxiliar de Campo | C38: =Equipe_Tecnica!M27 -> 2641.74
A39: B - DESPESAS GERAIS | D39: =SUM(C40:C42) -> 7028.5741
B40: B.1 - VEÍCULOS | C40: =Orçamento!E20 -> 4621.8018
B41: B.2 - EQUIPAMENTOS | C41: =Orçamento!F20 -> 1636.04
B42: B.3 - INSTALAÇÕES | C42: =Orçamento!G20 -> 770.73233
A44: I - SUB-TOTAL DOS ITENS A+B | D44: =D39+D36 -> 24875.994
A46: II -BENEFÍCIOS E DESPESAS INDIRETAS - BDI Acórdão nº 1.560/2019-TCU-Plenário | D46: =C47 -> 11201.66
B47: TAXAS: 44,66 % DO ITEM "I" | C47: =0.4503*D44 -> 11201.66
A49: TOTAL DO ORÇAMENTO | D49: =D46+D44 -> 36077.654

Sheet Cronograma de Pagtos
A7: CRONOGRAMA FISICO-FINANCEIRO
A8: Objeto: | B8: ='Planilha Mae'!B2 -> CONTRATAÇÃO DE EMPRESA DE CONSULTORIA PARA ELABORAÇÃO DE ESTUDOS AMBIENTAIS PARA AUTORIZAÇÃO AMBIENTAL PARA SUPRESSÃO VEGETAL NO AEROPORTO DE BONITO/MS
A10: ='[1]Planilha Mae'!A3 -> Municípios: | B10: ='Planilha Mae'!B3 -> Bonito - MS | H10: Referência: | I10: 45658
A12: TOTAL GERAL
A13: Item | B13: Obra | C13: Valor Unitário | D13: Quantidade | E13: Sub-total | F13: % | G13: 1ª | H13: 2ª | I13: Total
A14: 1 | B14: PTA (Supressão Vegetal) | C14: =Orçamento!J19 -> 27296.951 | D14: 1 | E14: =C14*D14 -> 27296.951 | F14: =E14/$E$18 -> 0.4307239 | G14: 0.6 | H14: 0.4 | I14: =SUM(G14:H14) -> 1
G15: =E14*G14 -> 16378.171 | H15: =E14*H14 -> 10918.781 | I15: =SUM(G15:H15) -> 27296.951
A16: 2 | B16: Inventário Florestal | C16: =Orçamento!J20 -> 36077.64 | D16: 1 | E16: =C16*D16 -> 36077.64 | F16: =E16/$E$18 -> 0.5692761 | G16: 0.55 | H16: 0.45 | I16: =SUM(G16:H16) -> 1
G17: =E16*G16 -> 19842.702 | H17: =E16*H16 -> 16234.938 | I17: =SUM(G17:H17) -> 36077.64
A18: TOTAL | C18: =SUM(C14:C17) -> 63374.591 | D18: =SUM(D14:D17) -> 2 | E18: =SUM(E14:E17) -> 63374.591 | F18: =SUM(F14:F17) -> 1 | G18: =SUM(G15,G17) -> 36220.873 | H18: =SUM(H15,H17) -> 27153.719 | I18: =SUM(G18:H18) -> 63374.591

Sheet Orçamento
A8: ORÇAMENTO
A9: ='Planilha Mae'!A2 -> Objeto: | B9: ='Planilha Mae'!$B$2 -> CONTRATAÇÃO DE EMPRESA DE CONSULTORIA PARA ELABORAÇÃO DE ESTUDOS AMBIENTAIS PARA AUTORIZAÇÃO AMBIENTAL PARA SUPRESSÃO VEGETAL NO AEROPORTO DE BONITO/MS
A10: ='Planilha Mae'!A3 -> Município: | B10: ='Planilha Mae'!$B$3 -> Bonito - MS | I10: ='Planilha Mae'!A9 -> Referência: | J10: ='Planilha Mae'!B9 -> Tabela de consultoria DNIT SICRO
A11: ='Planilha Mae'!A4 -> Atividade | B11: ='Planilha Mae'!$B$4 -> Supressão Vegetal | I11: Data Base: | J11: ='Planilha Mae'!B8 -> 45658
A12: ='Planilha Mae'!A5 -> Trecho: | B12: ='Planilha Mae'!$B$5 -> 0 | I12: ='Planilha Mae'!A7 -> Prazo: | J12: ='Planilha Mae'!B7 -> 60 dias
A13: ='Planilha Mae'!A6 -> Extensão: | B13: ='Planilha Mae'!$B$6 -> 0
A15: Item do Projeto | C15: Quantidade | D15: Equipe Técnica | E15: Veículos | F15: Equipamentos | G15: Instalação e Imobiliário | H15: % Projeto | I15: Custos Diretos | J15: BDI | K15: TOTAL
J16: 0.4503
D17: A | E17: B | F17: C | G17: D | H17: E | I17: I=A+B+C+D+E | J17: F (sobre I)
A18: ANÁLISE DE PROJETOS E DIAGNÓSTICO
A19: PTA (Equipe A) | C19: 1 | D19: =Equipe_Tecnica!M20 -> 11898.28 | E19: =$E$21/2 -> 4621.8018 | F19: =F21*0.3 -> 1402.32 | G19: =G21*0.35 -> 899.18771 | H19: =D19/$D$21 -> 0.4 | I19: =SUM(D19:G19) -> 18821.59 | J19: =(I19*(1+$J$16)) -> 27296.951 | K19: =J19*C19 -> 27296.951
A20: INVENTÁRIO FLORESTAL (Equipe B) | C20: 1 | D20: =Equipe_Tecnica!M28 -> 17847.42 | E20: =$E$21/2 -> 4621.8018 | F20: =F21*0.35 -> 1636.04 | G20: =G21*0.3 -> 770.73233 | H20: =D20/$D$21 -> 0.6 | I20: =TRUNC((SUM(D20:G20)),2) -> 24875.99 | J20: =TRUNC(((I20*(1+$J$16))),2) -> 36077.64 | K20: =TRUNC((J20*C20),2) -> 36077.64
A21: TOTAL | C21: =SUM(C19:C20) -> 2 | D21: =SUM(D19:D20) -> 29745.7 | E21: =Veículos!L17 -> 9243.6036 | F21: =Equipamentos!H16 -> 4674.4 | G21: =Instalações!K21 -> 2569.1078 | H21: =SUM(H19:H20) -> 1 | I21: =SUM(I19:I20) -> 43697.58 | J21: =SUM(J19:J20) -> 63374.591 | K21: =SUM(K19:K20) -> 63374.591

Sheet Contratos_Futuros
A1: Estudos Ambientais para supressão vegetal no aeroporto de Bonito-MS
A2: Item | B2: Município | C2: Rodovia | D2: Tipo | E2: Objeto | F2: área / ha | G2: Estudos Ambientais ( R$ )
G3: PTA | H3: Inventário Florestal | I3: Total
A4: 1 | B4: Bonito | D4: Supressão Vegetal | E4: Área no entorno da pista de pouso e decolagem no aeroporto de Bonito / MS. | F4: 7.35 | G4: =Orçamento!J19 -> 27296.951 | H4: =Orçamento!J20 -> 36077.64 | I4: =SUM(G4:H4) -> 63374.591
B5: Total Geral | I5: =SUM(I4:I4) -> 63374.591

Sheet Equipe_Tecnica
A7: ='Planilha Mae'!A2 -> Objeto: | B7: ='Planilha Mae'!$B$2 -> CONTRATAÇÃO DE EMPRESA DE CONSULTORIA PARA ELABORAÇÃO DE ESTUDOS AMBIENTAIS PARA AUTORIZAÇÃO AMBIENTAL PARA SUPRESSÃO VEGETAL NO AEROPORTO DE BONITO/MS
A8: ='Planilha Mae'!A3 -> Município: | B8: ='Planilha Mae'!$B$3 -> Bonito - MS | L8: ='Planilha Mae'!A9 -> Referência: | M8: ='Planilha Mae'!B9 -> Tabela de consultoria DNIT SICRO | R8: 4
A9: ='Planilha Mae'!A4 -> Atividade | B9: ='Planilha Mae'!$B$4 -> Supressão Vegetal | R9: 4
A10: ='Planilha Mae'!A5 -> Trecho: | B10: ='Planilha Mae'!$B$5 -> 0 | L10: Data Base: | M10: ='Planilha Mae'!B8 -> 45658 | R10: 4
A11: ='Planilha Mae'!A6 -> Extensão: | B11: ='Planilha Mae'!$B$6 -> 0 | L11: Prazo: | M11: ='Planilha Mae'!B7 -> 60 dias | R11: 4
R12: 2
A14: EQUIPE TÉCNICA - A
A15: Atividade | C15: Categoria | E15: Quant. Equipe | F15: Pess./ Equipe | G15: Hora/ Dia | H15: nº Dias | I15: Total / Horas | J15: Homem / mês | K15: Salário / mês | L15: Subtotal | M15: Total
C17: Descrição | D17: Cód. | E17: a | F17: b | G17: c | H17: d | I17: e=a*b*c*d*220/240 | J17: f=e/220 | K17: g | L17: h=f*g
A18: Proposta Técnica Ambiental (PTA) para Supressão Vegetal | C18: Engenheiro Florestal | D18: P8068 | E18: 1 | F18: 1 | G18: 4 | H18: 25 | I18: =E18*F18*G18*H18*220/240 -> 91.666667 | J18: =I18/220 -> 0.41666667 | K18: ='Tabela de Preços de Consultoria'!Y46 -> 24329.09 | L18: =(J18*K18) -> 10137.121 | M18: =TRUNC(SUM(L18:L18),2) -> 10137.12
C19: Auxiliar de campo | D19: P8025 | E19: 1 | F19: 1 | G19: 4 | H19: 25 | I19: =E19*F19*G19*H19*220/240 -> 91.666667 | J19: =I19/220 -> 0.41666667 | K19: ='Tabela de Preços de Consultoria'!Y17 -> 4226.79 | L19: =(J19*K19) -> 1761.1625 | M19: =TRUNC(SUM(L19:L19),2) -> 1761.16
D20: Total | F20: =SUM(F18:F19) -> 2 | L20: Total | M20: =SUM(M18:M19) -> 11898.28
A22: EQUIPE TÉCNICA - B
A23: Atividade | C23: Categoria | E23: Quant. Equipe | F23: Pess./ Equipe | G23: Hora/ Dia | H23: nº Dias | I23: Total / Horas | J23: Homem / mês | K23: Salário / mês | L23: Subtotal | M23: Total
C25: Descrição | D25: Cód. | E25: a | F25: b | G25: c | H25: d | I25: e=a*b*c*d*220/240 | J25: f=e/220 | K25: g | L25: h=f*g
A26: Inventário Florestal | C26: Engenheiro Florestal | D26: P8068 | E26: 1 | F26: 1 | G26: 5 | H26: 30 | I26: =E26*F26*G26*H26*220/240 -> 137.5 | J26: =I26/220 -> 0.625 | K26: ='Tabela de Preços de Consultoria'!Y46 -> 24329.09 | L26: =(J26*K26) -> 15205.681 | M26: =TRUNC(SUM(L26:L26),2) -> 15205.68
C27: Auxiliar de campo | D27: P8025 | E27: 1 | F27: 1 | G27: 5 | H27: 30 | I27: =E27*F27*G27*H27*220/240 -> 137.5 | J27: =I27/220 -> 0.625 | K27: ='Tabela de Preços de Consultoria'!Y17 -> 4226.79 | L27: =(J27*K27) -> 2641.7438 | M27: =TRUNC(SUM(L27:L27),2) -> 2641.74
D28: Total | F28: =SUM(F26:F27) -> 2 | L28: Total | M28: =SUM(M26:M27) -> 17847.42

Sheet Viagens
A2: ='Planilha Mae'!A2 -> Objeto: | B2: ='Planilha Mae'!$B$2 -> CONTRATAÇÃO DE EMPRESA DE CONSULTORIA PARA ELABORAÇÃO DE ESTUDOS AMBIENTAIS PARA AUTORIZAÇÃO AMBIENTAL PARA SUPRESSÃO VEGETAL NO AEROPORTO DE BONITO/MS
A3: ='Planilha Mae'!A3 -> Município: | B3: ='Planilha Mae'!$B$3 -> Bonito - MS
A4: ='Planilha Mae'!A4 -> Atividade | B4: ='Planilha Mae'!$B$4 -> Supressão Vegetal
A5: ='Planilha Mae'!A5 -> Trecho: | B5: ='Planilha Mae'!$B$5 -> 0 | J5: Data Base: | K5: ='Planilha Mae'!B8 -> 45658
A6: ='Planilha Mae'!A6 -> Extensão: | B6: ='Planilha Mae'!$B$6 -> 0
A8: VIAGENS
A9: Atividade | C9: Categoria | E9: Aérea (ida e volta) | G9: Terrestre (ida e volta) | I9: Dias | K9: TOTAL (R$)
E10: Quant. | F10: Valor (R$) | G10: Quant. | H10: Valor (R$) | I10: Quant. | J10: Valor (R$)
C11: Descrição | D11: Cód. | E11: a | F11: b | G11: c | H11: d | I11: e | J11: f | K11: g=(a*b)+(c*d)+(e*f)
A12: COORDENAÇÃO GERAL | C12: Coordenadores | D12: P0 | G12: 0 | H12: 0 | I12: 0 | J12: 0 | K12: =ROUND((E12*F12)+(G12*H12)+(I12*J12)+(E13*F13)+(G13*H13)+(I13*J13),2) -> 0
C13: Motorista | D13: A1 | G13: 0 | H13: 0 | I13: =I18*G13 -> 0 | J13: 0
A14: PROFISSIONAL SÊNIOR (análise de projeto) | C14: Engenheiro Civil | D14: P1 | G14: 0 | H14: 0 | I14: 4 | J14: 0 | K14: 0
A15: PROFISSIONAL SÊNIOR (meio físico - diagnóstico) | C15: Engenheiro Ambiental | D15: P1 | G15: 0 | H15: 0 | I15: 4 | J15: 0 | K15: 0
A16: PROFISSIONAL SÊNIOR (meio biótico - diganóstico) | C16: Engenheiro Ambiental ou Biólogo | D16: P1 | G16: 0 | H16: 0 | I16: 4 | J16: 0 | K16: 0
A17: PROFISSIONAL SÊNIOR (meio biótico - supressão vegetal) | C17: Engenheiro Florestal, ou Agrônomo, ou Biólogo | D17: P1 | G17: 0 | H17: 0 | I17: 4 | J17: 0 | K17: 0
A18: PROFISSIONAL SÊNIOR (meio sócio econômico) | C18: Economista, ou Geógrafo ou Assistente Social | D18: P1 | G18: 0 | H18: 0 | I18: 4 | J18: 0 | K18: 0
J19: TOTAL (R$) | K19: =SUM(K12:K18) -> 0
B21: valor da diária
B22: varia conforme a distância

Sheet Veículos
A6: ='Planilha Mae'!A2 -> Objeto: | B6: ='Planilha Mae'!$B$2 -> CONTRATAÇÃO DE EMPRESA DE CONSULTORIA PARA ELABORAÇÃO DE ESTUDOS AMBIENTAIS PARA AUTORIZAÇÃO AMBIENTAL PARA SUPRESSÃO VEGETAL NO AEROPORTO DE BONITO/MS
A7: ='Planilha Mae'!A3 -> Município: | B7: ='Planilha Mae'!$B$3 -> Bonito - MS | K7: ='Planilha Mae'!A9 -> Referência: | L7: ='Planilha Mae'!B9 -> Tabela de consultoria DNIT SICRO
A8: ='Planilha Mae'!A4 -> Atividade | B8: ='Planilha Mae'!$B$4 -> Supressão Vegetal | K8: Data Base: | L8: ='Planilha Mae'!B8 -> 45658
A9: ='Planilha Mae'!A5 -> Trecho: | B9: ='Planilha Mae'!$B$5 -> 0 | K9: ='Planilha Mae'!A7 -> Prazo: | L9: ='Planilha Mae'!B7 -> 60 dias
A10: ='Planilha Mae'!A6 -> Extensão: | B10: ='Planilha Mae'!$B$6 -> 0
A12: VEÍCULOS
A13: Item | B13: Código | C13: Tipo | D13: Custo Unitário (R$/un.) | F13: Horas/mês | H13: Valor Mensal (R$/mês) | J13: Quantidade | K13: Meses | L13: TOTAL
D14: Valor Produtivo (a) | E14: Valor Improdutivo (b) | F14: Produtivo (c ) | G14: Improdutivo (d) | H14: Produtivo (a*c) | I14: Improdutivo (b*d)
A15: Veículos | B15: E8891 | C15: Veículo leve Pick up 4x4 (sem motorista) | D15: ='Veículos Referência'!#REF! -> #REF! | E15: ='Veículos Referência'!#REF! -> #REF! | F15: ='Veículos Referência'!#REF! -> #REF! | G15: ='Veículos Referência'!#REF! -> #REF! | H15: =D15*F15 -> #REF! | I15: =E15*G15 -> #REF! | J15: 0 | K15: 6 | L15: =(H15+I15)*K15*J15 -> #REF!
A16: E8890 | B16: Veículo leve - 53 kW (com motorista) | C16: hora | D16: 80.68 | E16: 33.64 | F16: 66 | G16: 116.49 | H16: =D16*F16 -> 5324.88 | I16: =E16*G16 -> 3918.7236 | J16: =Equipe_Tecnica!H19/30 -> 0.83333333 | K16: =Equipe_Tecnica!H19/30 -> 0.83333333 | L16: =(H16+I16) -> 9243.6036
K17: TOTAL (R$) | L17: =L16 -> 9243.6036

Sheet Equipamentos
A6: ='Planilha Mae'!A2 -> Objeto: | B6: ='Planilha Mae'!$B$2 -> CONTRATAÇÃO DE EMPRESA DE CONSULTORIA PARA ELABORAÇÃO DE ESTUDOS AMBIENTAIS PARA AUTORIZAÇÃO AMBIENTAL PARA SUPRESSÃO VEGETAL NO AEROPORTO DE BONITO/MS
A7: ='Planilha Mae'!A3 -> Município: | B7: ='Planilha Mae'!$B$3 -> Bonito - MS | G7: ='Planilha Mae'!A9 -> Referência: | H7: ='Planilha Mae'!B9 -> Tabela de consultoria DNIT SICRO
A8: ='Planilha Mae'!A4 -> Atividade | B8: ='Planilha Mae'!$B$4 -> Supressão Vegetal
A9: ='Planilha Mae'!A5 -> Trecho: | B9: ='Planilha Mae'!$B$5 -> 0 | G9: Data Base: | H9: ='Planilha Mae'!B8 -> 45658
A10: ='Planilha Mae'!A6 -> Extensão: | B10: ='Planilha Mae'!$B$6 -> 0 | G10: ='Planilha Mae'!A7 -> Prazo: | H10: ='Planilha Mae'!B7 -> 60 dias
A12: EQUIPAMENTOS
A13: Item | C13: Código | D13: Tipo | E13: Unid. | F13: Meses | G13: Valor Mensal (R$) | H13: TOTAL
E14: a | F14: b | G14: c | H14: d=a*b*c
A15: Cestas das instalações | C15: B8958 | D15: Topografia - equipamentos para topografia | E15: 1 | F15: 1 | G15: ='Equipamentos Referência'!F11 -> 4674.4 | H15: =E15*F15*G15 -> 4674.4
G16: TOTAL (R$) | H16: =SUM(H15:H15) -> 4674.4

Sheet Instalações
B7: ='Planilha Mae'!$B$2 -> CONTRATAÇÃO DE EMPRESA DE CONSULTORIA PARA ELABORAÇÃO DE ESTUDOS AMBIENTAIS PARA AUTORIZAÇÃO AMBIENTAL PARA SUPRESSÃO VEGETAL NO AEROPORTO DE BONITO/MS
A8: ='Planilha Mae'!A2 -> Objeto:
A9: ='Planilha Mae'!A3 -> Município: | B9: ='Planilha Mae'!$B$3 -> Bonito - MS
A10: ='Planilha Mae'!A4 -> Atividade | B10: ='Planilha Mae'!$B$3 -> Bonito - MS | J10: ='Planilha Mae'!A9 -> Referência: | K10: ='Planilha Mae'!B9 -> Tabela de consultoria DNIT SICRO
A11: ='Planilha Mae'!A5 -> Trecho: | B11: ='Planilha Mae'!$B$5 -> 0 | J11: Data Base: | K11: ='Planilha Mae'!B8 -> 45658
A12: ='Planilha Mae'!A6 -> Extensão: | J12: ='Planilha Mae'!A7 -> Prazo: | K12: ='Planilha Mae'!B7 -> 60 dias
A14: INSTALAÇÕES
A15: Item | C15: Código | D15: Tipo | E15: Unid. | F15: Custo Unitário (R$/un.) | G15: Quantidade | H15: Ocupantes | I15: Área (m²) | J15: Meses | K15: TOTAL (R$)
F16: a | G16: b | I16: c | J16: d
A17: Imóveis - Instalações Físicas (A) | C17: B8951 | D17: Comercial (2,60% do C.M.C.C -SINAPI) | E17: m²xmês | F17: ='Equipamentos Referência'!F4 -> 48.89 | G17: 1 | H17: =Equipe_Tecnica!F28+Equipe_Tecnica!F20 -> 4 | I17: =(G17*(57.95/2)+(4.5*H17)) -> 46.975 | J17: 1 | K17: =F17*I17*J17 -> 2296.6078
J18: TOTAL A (R$) | K18: =SUM(K17:K17) -> 2296.6078
A19: Custos Diversos (B) | C19: B8959 | D19: Escritório | E19: ocupante x mês | F19: ='Equipamentos Referência'!F13 -> 136.25 | G19: 1 | H19: =Equipe_Tecnica!F28 -> 2 | I19: 0 | J19: 1 | K19: =F19*G19*H19*J19 -> 272.5
J20: TOTAL B (R$) | K20: =K19 -> 272.5
J21: TOTAL A+B (R$) | K21: =K18+K20 -> 2569.1078

Sheet Equipamentos Referência
A1: Tabela 2 - Custos de imóveis, mobiliário, cestas de instalações e custos diversos
A2: Tabela de Preços de Consultoria - mês de referência: jan/2025
A3: Item | B3: Código | C3: Tipo | E3: Unidade | F3: Custo unitário (R$ / un)
A4: Imóveis | B4: B8951 | C4: Comercial (2,55% do CMCC - SINAPI) | E4: m² x mês | F4: 48.89
B5: B8952 | C5: Residencial (2,45% do CMCC - SINAPI) | E5: m² x mês | F5: 46.97
A6: Mobiliário | B6: B8953 | C6: Escritório | E6: ocupante x mês | F6: 463.66
B7: B8954 | C7: Residência | E7: ocupante x mês | F7: 41.81
A8: Cesta das Instalações | B8: B8955 | C8: Laboratório de asfalto | E8: mês | F8: 5910.44
B9: B8956 | C9: Laboratório de concreto | E9: mês | F9: 4533.32
B10: B8957 | C10: Laboratório de solos | E10: mês | F10: 3458.86
B11: B8958 | C11: Topografia | E11: mês | F11: 4674.4
B12: B8961 | C12: Topografia por VANT | E12: mês | F12: 923.93
A13: Custos Diversos | B13: B8959 | C13: Escritório | E13: ocupante x mês | F13: 136.25
B14: B8960 | C14: Residência | E14: ocupante x mês | F14: 203.54
A15: Fonte: FGV IBRE

Sheet Veículos Referência
A1: Custos de veículos - mês/referência: jan/2025
B2: 45658
B3: Tabela 1 - Custos de veículos
B4: ="Tabela de Preços de Consultoria - mês de referência: "&TEXT(B2,"MMMM")&" de "&TEXT(B2,"AAAA") -> Tabela de Preços de Consultoria - mês de referência: janeiro de 2025
B5: Item | C5: Código | D5: Tipo | E5: Unidade | F5: Custo unitário (R$ / un)
F6: Produtivo | G6: Improdutivo
B7: Veículos | C7: E8889 | D7: Veículo leve - 53 kW (sem motorista) | E7: hora | F7: 35.28 | G7: 6.33
C8: E8890 | D8: Veículo leve - 53 kW (com motorista) | E8: hora | F8: 62.59 | G8: 33.64
C9: E8891 | D9: Veículo leve picape 4 x 4 com capacidade de 1,10 t - 147 kW (sem motorista) | E9: hora | F9: 78.47 | G9: 22.75
C10: E8888 | D10: Veículo tipo van furgão com capacidade de 1,38 t - 100 kW (sem motorista) | E10: hora | F10: 55.73 | G10: 17.2
C11: E8887 | D11: Veículo tipo van furgão com capacidade de 1,38 t - 100 kW (com motorista) | E11: hora | F11: 83.04 | G11: 44.51
B12: Fonte: FGV IBRE

Sheet Benefícios e Despesas - BDI
A1: Benefícios e Despesas Indiretas - mês/referência: jan/2025 | E1: Benefícios e Despesas Indiretas - mês/referência:mar/2025 a partir de 27/03/2025
A2: Benefícios e Despesas Indiretas - BDI
A3: Despesas Indiretas | C3: % sobre PV | D3: % sobre CD
A4: Administração Central | B4: Variável - f (CD) | C4: 6.9 | D4: 10
A5: Despesas Financeiras | B5: 1,12% sobre (PV - Lucro) | C5: 1.03 | D5: 1.49
A6: Riscos | B6: 0,50% do PV | C6: 0.5 | D6: 0.73
A7: Garantias Contratuais | B7: 0,10% do PV | C7: 0.1 | D7: 0.15
A8: Subtotal 1 | C8: =SUM(C4:C7) -> 8.53 | D8: =SUM(D4:D7) -> 12.37
A9: Benefícios | C9: % sobre PV | D9: % sobre CD
A10: Lucro Operacional | B10: Variável - f (CD) | C10: 8.27 | D10: 12
A12: Subtotal 2 | C12: =SUM(C10:C11) -> 8.27 | D12: =SUM(D10:D11) -> 12
A13: Tributos | C13: % sobre PV | D13: % sobre CD
A14: PIS | B14: 1,65% do PV | C14: 1.65 | D14: 2.39
A15: COFINS | B15: 7,60% do PV | C15: 7.6 | D15: 11.02
A16: ISSQN* | B16: 5,00% do PV | C16: 5 | D16: 7.25
A17: Subtotal 3 | C17: =SUM(C14:C16) -> 14.25 | D17: =SUM(D14:D16) -> 20.66
A18: Total - BDI (%) | C18: =C17+C12+C8 -> 31.05 | D18: =D17+D12+D8 -> 45.03
A19: *Limite máximo adotado de 5%; valor variável em função da legislação de cada município. As empresas licitantes deverão adotar as alíquotas pertinentes.

Sheet Tabela de Preços de Consultoria
A1: Código | B1: Categoria | C1: Unid. | D1: Salário | E1: Encargos Sociais | G1: Encargos Complementares | Q1: Encargos Adicionais | W1: Encargos Totais | Y1: Valor Total
G2: Alimentação | I2: EPI | K2: Ferramenta | M2: Transporte | O2: Exame Ocupacional | Q2: Cesta Básica | S2: Assistência Médica | U2: Seguro de Vida
D3: R$ | E3: % | F3: R$ | G3: % | H3: R$ | I3: % | J3: R$ | K3: % | L3: R$ | M3: % | N3: R$ | O3: % | P3: R$ | Q3: % | R3: R$ | S3: % | T3: R$ | U3: % | V3: R$ | W3: % | X3: R$ | Y3: R$
A4: Profissionais mensalistas
A5: P8001 | B5: Advogado júnior | C5: mês | D5: 4915.72 | E5: 0.793 | F5: 3898.16 | G5: 0.1499 | H5: 736.74 | I5: 0.0055 | J5: 26.96 | K5: 0 | L5: 0 | M5: 0 | N5: 0 | O5: 0.0006 | P5: 2.86 | Q5: 0 | R5: 0 | S5: 0.063 | T5: 309.62 | U5: 0.002 | V5: 9.98 | W5: 1.014 | X5: 4984.34 | Y5: 9900.05
A6: P8002 | B6: Advogado pleno | C6: mês | D6: 6554.29 | E6: 0.793 | F6: 5197.55 | G6: 0.1124 | H6: 736.74 | I6: 0.0041 | J6: 26.96 | K6: 0 | L6: 0 | M6: 0 | N6: 0 | O6: 0.0004 | P6: 2.86 | Q6: 0 | R6: 0 | S6: 0.0472 | T6: 309.62 | U6: 0.0015 | V6: 9.98 | W6: 0.9587 | X6: 6283.72 | Y6: 12838.01
A7: P8003 | B7: Advogado sênior | C7: mês | D7: 12196.82 | E7: 0.793 | F7: 9672.08 | G7: 0.0604 | H7: 736.74 | I7: 0.0022 | J7: 26.96 | K7: 0 | L7: 0 | M7: 0 | N7: 0 | O7: 0.0002 | P7: 2.86 | Q7: 0 | R7: 0 | S7: 0.0254 | T7: 309.62 | U7: 0.0008 | V7: 9.98 | W7: 0.8821 | X7: 10758.25 | Y7: 22955.07
A8: P8007 | B8: Analista de desenvolvimento de sistemas júnior | C8: mês | D8: 4417.81 | E8: 0.7959 | F8: 3516.13 | G8: 0.1668 | H8: 736.74 | I8: 0 | J8: 0 | K8: 0 | L8: 0 | M8: 0 | N8: 0 | O8: 0.0008 | P8: 3.5 | Q8: 0 | R8: 0 | S8: 0.0701 | T8: 309.62 | U8: 0.0023 | V8: 9.98 | W8: 1.0358 | X8: 4575.97 | Y8: 8993.78
A9: P8008 | B9: Analista de desenvolvimento de sistemas pleno | C9: mês | D9: 5699.98 | E9: 0.7959 | F9: 4536.61 | G9: 0.1293 | H9: 736.74 | I9: 0 | J9: 0 | K9: 0 | L9: 0 | M9: 0 | N9: 0 | O9: 0.0006 | P9: 3.5 | Q9: 0 | R9: 0 | S9: 0.0543 | T9: 309.62 | U9: 0.0018 | V9: 9.98 | W9: 0.9818 | X9: 5596.45 | Y9: 11296.43
A10: P8009 | B10: Analista de desenvolvimento de sistemas sênior | C10: mês | D10: 10119.99 | E10: 0.7959 | F10: 8054.5 | G10: 0.0728 | H10: 736.74 | I10: 0 | J10: 0 | K10: 0 | L10: 0 | M10: 0 | N10: 0 | O10: 0.0003 | P10: 3.5 | Q10: 0 | R10: 0 | S10: 0.0306 | T10: 309.62 | U10: 0.001 | V10: 9.98 | W10: 0.9006 | X10: 9114.34 | Y10: 19234.34
A11: P8013 | B11: Arquiteto júnior | C11: mês | D11: 12903 | E11: 0.793 | F11: 10232.08 | G11: 0.0571 | H11: 736.74 | I11: 0.0021 | J11: 26.96 | K11: 0 | L11: 0 | M11: 0 | N11: 0 | O11: 0.0002 | P11: 2.73 | Q11: 0 | R11: 0 | S11: 0.024 | T11: 309.62 | U11: 0.0008 | V11: 9.98 | W11: 0.8772 | X11: 11318.12 | Y11: 24221.12
A12: P8014 | B12: Arquiteto pleno | C12: mês | D12: 13128.58 | E12: 0.793 | F12: 10410.97 | G12: 0.0561 | H12: 736.74 | I12: 0.0021 | J12: 26.96 | K12: 0 | L12: 0 | M12: 0 | N12: 0 | O12: 0.0002 | P12: 2.73 | Q12: 0 | R12: 0 | S12: 0.0236 | T12: 309.62 | U12: 0.0008 | V12: 9.98 | W12: 0.8757 | X12: 11497.01 | Y12: 24625.59
A13: P8015 | B13: Arquiteto sênior | C13: mês | D13: 15998.46 | E13: 0.793 | F13: 12686.78 | G13: 0.0461 | H13: 736.74 | I13: 0.0017 | J13: 26.96 | K13: 0 | L13: 0 | M13: 0 | N13: 0 | O13: 0.0002 | P13: 2.73 | Q13: 0 | R13: 0 | S13: 0.0194 | T13: 309.62 | U13: 0.0006 | V13: 9.98 | W13: 0.8609 | X13: 13772.82 | Y13: 29771.29
A14: P8019 | B14: Assistente social júnior | C14: mês | D14: 3294.18 | E14: 0.8005 | F14: 2636.99 | G14: 0.2237 | H14: 736.74 | I14: 0.0082 | J14: 26.96 | K14: 0 | L14: 0 | M14: 0.0156 | N14: 51.25 | O14: 0.0012 | P14: 4.11 | Q14: 0 | R14: 0 | S14: 0.094 | T14: 309.62 | U14: 0.003 | V14: 9.98 | W14: 1.1462 | X14: 3775.66 | Y14: 7069.84
A15: P8020 | B15: Assistente social pleno | C15: mês | D15: 4392.24 | E15: 0.8005 | F15: 3515.99 | G15: 0.1677 | H15: 736.74 | I15: 0.0061 | J15: 26.96 | K15: 0 | L15: 0 | M15: 0 | N15: 0 | O15: 0.0009 | P15: 4.11 | Q15: 0 | R15: 0 | S15: 0.0705 | T15: 309.62 | U15: 0.0023 | V15: 9.98 | W15: 1.0481 | X15: 4603.41 | Y15: 8995.65
A16: P8021 | B16: Assistente social sênior | C16: mês | D16: 7474.93 | E16: 0.8005 | F16: 5983.68 | G16: 0.0986 | H16: 736.74 | I16: 0.0036 | J16: 26.96 | K16: 0 | L16: 0 | M16: 0 | N16: 0 | O16: 0.0006 | P16: 4.11 | Q16: 0 | R16: 0 | S16: 0.0414 | T16: 309.62 | U16: 0.0013 | V16: 9.98 | W16: 0.946 | X16: 7071.1 | Y16: 14546.04
... A102: P8200 | B102: Sociólogo sênior | C102: mês | D102: 8782.07 | E102: 0.8135 | F102: 7144.21 | G102: 0.0839 | H102: 736.74 | I102: 0.0031 | J102: 26.96 | K102: 0 | L102: 0 | M102: 0 | N102: 0 | O102: 0.0008 | P102: 7.01 | Q102: 0 | R102: 0 | S102: 0.0353 | T102: 309.62 | U102: 0.0011 | V102: 9.98 | W102: 0.9377 | X102: 8234.53 | Y102: 17016.59
A103: Profissionais horistas
A104: P8264 | B104: Motorista de veículo leve - horista | C104: h | D104: 9.69 | E104: 1.132 | F104: 10.97 | G104: 0.4166 | H104: 4.04 | I104: 0.0186 | J104: 0.18 | K104: 0 | L104: 0 | M104: 0.0684 | N104: 0.66 | O104: 0.0022 | P104: 0.02 | Q104: 0 | R104: 0 | S104: 0.1751 | T104: 1.7 | U104: 0.0056 | V104: 0.05 | W104: 1.8185 | X104: 17.62 | Y104: 27.31
